[Event "December 5 Early 2023"]
[Site "https://www.chess.com"]
[Date "2023.12.05"]
[Round "8"]
[White "Marchesich, Giovanni"]
[Black "Rogov, Matfey"]
[Result "0-1"]
[Board "116"]
[TimeControl "180+1"]
[WhiteFideId "2824790"]
[BlackFideId "44191308"]
[WhiteElo "2408"]
[BlackElo "2529"]
[WhiteTeam "ITA"]
[BlackTeam "RUS"]
[WhiteClock "0:02:05"]
[BlackClock "0:01:27"]

1. e4 e5 2. Nf3 Nc6 3. Bc4 Nf6 4. Qe2 Bc5 5. Ng5 Nd4 6. Qd1 d5 7. exd5 h6 8. Nf3 Bg4 9. c3 Nxf3+ 10. gxf3 Bh5 11. Qb3 O-O 12. d3 Bxf3 13. Rg1 Ng4 14. Be3 Bxe3 15. fxe3 Qh4+ 16. Kf1 Qf2# 0-1

[Event "December 5 Early 2023"]
[Site "https://www.chess.com"]
[Date "2023.12.05"]
[Round "8"]
[White "Vakhidov, Shahzod"]
[Black "Skaric, Djuro"]
[Result "1-0"]
[Board "117"]
[TimeControl "180+1"]
[WhiteFideId "14205270"]
[BlackFideId "934569"]
[WhiteElo "2528"]
[BlackElo "2403"]
[WhiteTeam "UZB"]
[BlackTeam "SRB"]
[WhiteClock "0:00:21"]
[BlackClock "0:01:05"]

1. d4 d6 2. g3 g6 3. Bg2 Bg7 4. Nf3 Nf6 5. O-O O-O 6. c4 Nc6 7. Nc3 e5 8. dxe5 dxe5 9. Bg5 Be6 10. Qa4 a6 11. Rfd1 Qb8 12. Rac1 h6 13. Bxf6 Bxf6 14. Nd2 Nd4 15. e3 Nf5 16. Nde4 Bd8 17. Nc5 Bc8 18. Nd7 Bxd7 19. Qxd7 c6 20. Bh3 Ng7 21. Ne4 f5 22. Nd6 Bf6 23. Bg2 e4 24. b3 h5 25. Qxb7 Qxb7 26. Nxb7 Rfb8 27. Nc5 Be7 28. Nd7 Rb7 29. Ne5 g5 30. Nxc6 Ba3 31. Rb1 a5 32. Nd4 Rc8 33. Nb5 g4 34. Nxa3 Ne6 35. Nb5 Rc6 36. Nd4 Rcb6 37. Nxe6 Rxe6 38. Bf1 Kf7 39. c5 Kf6 40. Rd6 Rc7 41. Rxe6+ Kxe6 42. Bc4+ Ke5 43. b4 axb4 44. Rxb4 Ra7 45. Kg2 h4 46. gxh4 f4 47. exf4+ Kd4 48. c6 Kc5 49. Rb7 Ra8 50. c7 Rc8 51. Be6 1-0

[Event "December 5 Early 2023"]
[Site "https://www.chess.com"]
[Date "2023.12.05"]
[Round "8"]
[White "Manon-og, Ramon Jr."]
[Black "Gavrilov, Maxim"]
[Result "1-0"]
[Board "118"]
[TimeControl "180+1"]
[WhiteFideId "5200776"]
[BlackFideId "24271454"]
[WhiteElo "2390"]
[BlackElo "2527"]
[WhiteTeam "PHI"]
[BlackTeam "RUS"]
[WhiteClock "0:01:46"]
[BlackClock "0:00:15"]

1. e4 c5 2. Nf3 d6 3. Bb5+ Nc6 4. O-O Bd7 5. Nc3 Nf6 6. Bxc6 Bxc6 7. e5 dxe5 8. Nxe5 Qc7 9. Nxc6 Qxc6 10. d3 e6 11. Bg5 Be7 12. Ne4 Nxe4 13. Bxe7 Kxe7 14. dxe4 Qxe4 15. Re1 Qc6 16. Qg4 g6 17. Qg5+ f6 18. Qh6 Kf7 19. Rad1 Rae8 20. Re3 Re7 21. Red3 f5 22. Rd8 Rxd8 23. Rxd8 Qe4 24. Qf8# 1-0

[Event "December 5 Early 2023"]
[Site "https://www.chess.com"]
[Date "2023.12.05"]
[Round "8"]
[White "Tao, Sihan"]
[Black "Garrido, Denis"]
[Result "1-0"]
[Board "119"]
[TimeControl "180+1"]
[WhiteFideId "30982677"]
[BlackFideId "601217"]
[WhiteElo "2525"]
[BlackElo "2388"]
[WhiteTeam "USA"]
[BlackTeam "FRA"]
[WhiteClock "0:00:34"]
[BlackClock "0:00:21"]

1. e4 e5 2. Nf3 Nf6 3. Nxe5 d5 4. Nf3 dxe4 5. Ng1 Nc6 6. d3 Bc5 7. Nc3 O-O 8. Be2 exd3 9. Bxd3 Bg4 10. Nge2 Re8 11. O-O Qd6 12. Bf4 Qxf4 13. Nxf4 Bxd1 14. Raxd1 Nb4 15. a3 Nxd3 16. Rxd3 Bd6 17. Nfd5 Nxd5 18. Rxd5 Re6 19. Rfd1 Rae8 20. g3 g6 21. Nb5 Be5 22. b3 c6 23. Rxe5 Rxe5 24. Nc3 Re1+ 25. Kg2 Rxd1 26. Nxd1 f5 27. Kf3 Kf7 28. Ne3 Kf6 29. Nc4 Rd8 30. Ke2 g5 31. Na5 Rd7 32. Nc4 b6 33. Nd2 c5 34. a4 Rd4 35. Nc4 h5 36. Ne3 f4 37. Nc4 fxg3 38. fxg3 Kf5 39. Ne3+ Ke4 40. Nf1 c4 41. Nd2+ Kf5 42. Nxc4 Kg4 43. Ne5+ Kh3 44. Nf3 Rd5 45. c4 Rf5 46. b4 a5 47. c5 Kg4 48. cxb6 Rxf3 49. b7 Rf8 50. bxa5 Re8+ 51. Kd2 Kh3 52. a6 Rb8 53. a7 Rxb7 54. a8=Q Rd7+ 55. Ke2 Kxh2 56. Qe8 Rh7 57. a5 Kxg3 58. Qe5+ Kh4 59. Qe4+ g4 60. Qxh7 1-0

[Event "December 5 Early 2023"]
[Site "https://www.chess.com"]
[Date "2023.12.05"]
[Round "8"]
[White "Marcziter, Dmitrii"]
[Black "Pham, Le Thao Nguyen"]
[Result "0-1"]
[Board "120"]
[TimeControl "180+1"]
[WhiteFideId "13900765"]
[BlackFideId "12401226"]
[WhiteElo "2385"]
[BlackElo "2520"]
[WhiteTeam "GER"]
[BlackTeam "VIE"]
[WhiteClock "0:00:23"]
[BlackClock "0:00:12"]

1. d4 d5 2. c4 c6 3. Nf3 Nf6 4. Nc3 a6 5. c5 Bf5 6. Bf4 Nbd7 7. h3 h6 8. e3 e6 9. Bd3 Bxd3 10. Qxd3 Be7 11. O-O O-O 12. b4 b5 13. a4 Re8 14. Ra3 Rc8 15. axb5 axb5 16. Ra7 Bf8 17. Rfa1 g5 18. Bh2 Bg7 19. Rb7 Ra8 20. Qb1 Qc8 21. Rc7 Rxa1 22. Qxa1 Qa8 23. Qa7 Qxa7 24. Rxa7 Rc8 25. Nd1 Kf8 26. Bd6+ Ke8 27. Nb2 Ne4 28. Bc7 f6 29. Nd3 Bf8 30. Kf1 Be7 31. Ke2 Bd8 32. Bh2 Be7 33. Nd2 Nxd2 34. Kxd2 Bf8 35. Nc1 e5 36. Nb3 exd4 37. exd4 f5 38. Na5 Bg7 39. Kd3 Bh8 40. Bc7 Nf6 41. f3 g4 42. Nxc6 gxh3 43. gxh3 Nh5 44. Na5 Bf6 45. Bd6 Bg5 46. Rh7 Nf4+ 47. Kc2 Ne6 48. Rh8+ Kd7 49. c6+ Rxc6+ 50. Nxc6 Kxd6 51. Na7 Nxd4+ 52. Kd3 Nxf3 53. Nxb5+ Kc6 54. Nd4+ Nxd4 55. Kxd4 Bf6+ 56. Ke3 Bxh8 57. Kf4 Kb5 58. Kxf5 Kxb4 59. Kg6 d4 60. Kxh6 d3 61. Kh7 Bc3 62. h4 d2 63. h5 d1=Q 64. h6 Qh5 65. Kg8 Qxh6 66. Kf7 Qc6 67. Ke7 Kc5 68. Kf7 Kd5 69. Kf8 Ke5 70. Kg7 Qe6 71. Kf8 Qd7 72. Kg8 Kf5 73. Kf8 Kg6 74. Kg8 Qe8# 0-1

[Event "December 5 Early 2023"]
[Site "https://www.chess.com"]
[Date "2023.12.05"]
[Round "8"]
[White "Kleibel, Uwe"]
[Black "Rangel, Daniel"]
[Result "0-1"]
[Board "121"]
[TimeControl "180+1"]
[WhiteFideId "1270982"]
[BlackFideId "2124475"]
[WhiteElo "2378"]
[BlackElo "2519"]
[WhiteTeam "GER"]
[BlackTeam "BRA"]
[WhiteClock "0:01:21"]
[BlackClock "0:00:08"]

1. e4 e5 2. Nf3 Nc6 3. d4 exd4 4. Nxd4 Nf6 5. Nxc6 dxc6 6. Qxd8+ Kxd8 7. f3 Be6 8. Nd2 Bc5 9. Bc4 Ke7 10. Ke2 Rad8 11. Bxe6 Kxe6 12. Nb3 Bb6 13. a4 a5 14. Be3 Nd7 15. Rhd1 Ne5 16. Bxb6 cxb6 17. Nd4+ Kf6 18. b3 g6 19. f4 Nd7 20. e5+ Ke7 21. Nf3 Nc5 22. Ke3 Na6 23. Rxd8 Rxd8 24. Ng5 Nb4 25. Rc1 Nd5+ 26. Kf3 Nc3 27. Ne4 Nxe4 28. Kxe4 Rd2 29. Kf3 Ke6 30. h4 h5 31. g3 Kf5 32. Ke3 Rg2 33. Kf3 Rh2 34. Rd1 Rxc2 35. Rd6 Rc3+ 36. Kf2 Ke4 37. e6 Rc2+ 38. Ke1 fxe6 39. Rxe6+ Kf3 40. Rxg6 Rc5 41. Rg5 Rc3 42. f5 Ke4 43. f6 Rf3 44. Rxh5 Rxf6 45. Rh7 Kd5 46. Rxb7 Rf3 47. Rg7 Rxb3 48. h5 Rb2 49. g4 Rh2 50. Kf1 b5 51. Kg1 Rh4 52. Kg2 b4 53. Kg3 Rh1 54. Ra7 b3 55. Rb7 Kc4 56. Kf4 c5 57. Kg5 Kc3 58. Kg6 c4 59. g5 b2 60. h6 b1=Q+ 61. Rxb1 Rxb1 62. h7 Rh1 63. Kg7 Kb3 64. g6 c3 65. h8=Q Rxh8 66. Kxh8 c2 67. g7 c1=Q 68. g8=Q+ Qc4 69. Kg7 Qxg8+ 70. Kxg8 Kxa4 71. Kf7 Kb3 72. Ke6 a4 73. Ke5 a3 74. Kd4 a2 0-1

[Event "December 5 Early 2023"]
[Site "https://www.chess.com"]
[Date "2023.12.05"]
[Round "8"]
[White "Chernomordik, Pavel"]
[Black "Melikhov, Evgeny V."]
[Result "0-1"]
[Board "122"]
[TimeControl "180+1"]
[WhiteFideId "2804530"]
[BlackFideId "4122046"]
[WhiteElo "2518"]
[BlackElo "2380"]
[WhiteTeam "ISR"]
[BlackTeam "GRE"]
[WhiteClock "0:00:35"]
[BlackClock "0:01:09"]

1. e4 e5 2. Nf3 Nc6 3. Bb5 a6 4. Ba4 Nf6 5. Nc3 b5 6. Bb3 Be7 7. d3 d6 8. a3 O-O 9. h3 Be6 10. Nd5 Bxd5 11. exd5 Nd4 12. Ba2 Nd7 13. O-O Nxf3+ 14. Qxf3 f5 15. Bd2 Bg5 16. Bc3 Qf6 17. a4 Rae8 18. axb5 axb5 19. b4 Qg6 20. Bb3 e4 21. dxe4 fxe4 22. Qg4 Nf6 23. Qd1 e3 24. f4 e2 25. Qd4 exf1=Q+ 26. Rxf1 Bh4 27. f5 Qh6 28. Bd2 Bg5 29. Bxg5 Qxg5 30. Rf3 Re2 31. Rf2 Rxf2 32. Qxf2 Re8 0-1

[Event "December 5 Early 2023"]
[Site "https://www.chess.com"]
[Date "2023.12.05"]
[Round "8"]
[White "Kopczynski, Michal"]
[Black "Seder, Mohammed"]
[Result "1-0"]
[Board "123"]
[TimeControl "180+1"]
[WhiteFideId "1124200"]
[BlackFideId "11505567"]
[WhiteElo "2494"]
[BlackElo "2364"]
[WhiteTeam "POL"]
[BlackTeam "PLE"]
[WhiteClock "0:02:28"]
[BlackClock "0:01:55"]

1. e4 c6 2. d4 d5 3. Nc3 Nf6 4. e5 Nfd7 5. f4 e6 6. f5 c5 7. fxe6 fxe6 8. Bd3 g6 9. Qg4 Qe7 10. Nb5 Nb6 11. Nd6+ Kd8 12. Bg5 1-0

[Event "December 5 Early 2023"]
[Site "https://www.chess.com"]
[Date "2023.12.05"]
[Round "8"]
[White "Mohammed, Zozek Salah Mohammed"]
[Black "Herman, Matthew"]
[Result "0-1"]
[Board "124"]
[TimeControl "180+1"]
[WhiteFideId "4803361"]
[BlackFideId "2028964"]
[WhiteElo "2361"]
[BlackElo "2489"]
[WhiteTeam "IRQ"]
[BlackTeam "USA"]
[WhiteClock "0:00:29"]
[BlackClock "0:00:05"]

1. d4 Nf6 2. Nf3 g6 3. g3 Bg7 4. Bg2 O-O 5. O-O d6 6. b3 b5 7. Bb2 Bb7 8. c4 b4 9. Nbd2 a5 10. a3 Nbd7 11. Qc2 e6 12. axb4 axb4 13. Rxa8 Bxa8 14. e4 Qb8 15. e5 dxe5 16. Nxe5 Bxg2 17. Kxg2 Qb7+ 18. f3 Nxe5 19. dxe5 Ng4 20. Re1 Rd8 21. Ne4 Nh6 22. Rd1 Ra8 23. Nf6+ Bxf6 24. exf6 Nf5 25. Qd3 h5 26. Rd2 g5 27. Kh3 Kh7 28. g4 hxg4+ 29. fxg4 Kg6 30. gxf5+ exf5 31. Qd5 Rh8+ 32. Kg2 Qa7 33. Rf2 Rxh2+ 34. Kxh2 Qxf2+ 35. Qg2 Qf4+ 36. Kg1 Qe3+ 37. Qf2 Qxb3 38. c5 Qc4 39. Kg2 b3 40. Kg1 f4 41. Qd4 Qxd4+ 42. Bxd4 Kf5 43. Kf2 Ke4 44. Bb2 g4 45. Ba3 Kd3 46. Bc1 Kc2 47. Ba3 b2 48. Bxb2 Kxb2 0-1

[Event "December 5 Early 2023"]
[Site "https://www.chess.com"]
[Date "2023.12.05"]
[Round "8"]
[White "Shishkov, Andrei"]
[Black "Tharushi, T H D Niklesha"]
[Result "0-1"]
[Board "125"]
[TimeControl "180+1"]
[WhiteFideId "4500563"]
[BlackFideId "9918264"]
[WhiteElo "2487"]
[BlackElo "2329"]
[WhiteTeam "EST"]
[BlackTeam "SRI"]
[WhiteClock "0:00:02"]
[BlackClock "0:00:57"]

1. d4 Nf6 2. c4 e6 3. Nc3 Bb4 4. Qc2 b6 5. e4 d6 6. Bd3 Nbd7 7. Ne2 Bb7 8. O-O Bxc3 9. bxc3 e5 10. f4 O-O 11. fxe5 dxe5 12. Ng3 Re8 13. Rf3 exd4 14. cxd4 c5 15. d5 Ne5 16. Rf5 Bc8 17. Rxe5 Rxe5 18. Bb2 Rg5 19. e5 Ng4 20. Bxh7+ Kh8 21. Bf5 Ne3 22. Qe4 Nxf5 23. e6 fxe6 24. dxe6 Nxg3 25. e7 Ne2+ 26. Qxe2 Qe8 27. Qe4 Bf5 28. Qh4+ Rh5 29. Qg3 Qxe7 30. Re1 Qf7 31. Rf1 Qe7 32. Re1 Qg5 33. Qf3 Qh4 34. Qxa8+ Kh7 35. h3 Qxe1+ 36. Kh2 Rxh3+ 37. gxh3 Qf2+ 38. Kh1 0-1

[Event "December 5 Early 2023"]
[Site "https://www.chess.com"]
[Date "2023.12.05"]
[Round "8"]
[White "Mazurkiewicz, Michal"]
[Black "yaguigor"]
[Result "1-0"]
[Board "126"]
[TimeControl "180+1"]
[WhiteFideId "1124943"]
[WhiteElo "2487"]
[BlackElo "2326"]
[WhiteTeam "POL"]
[WhiteClock "0:00:26"]
[BlackClock "0:00:43"]

1. e4 e5 2. Nf3 Nc6 3. Bb5 a6 4. Bxc6 dxc6 5. O-O Qd6 6. Na3 b5 7. c3 Bg4 8. Nc2 O-O-O 9. Ne3 Bxf3 10. Qxf3 f6 11. d4 exd4 12. cxd4 Qxd4 13. Rd1 Qe5 14. Qg4+ f5 15. Rxd8+ Kxd8 16. Nxf5 Nf6 17. Bg5 h6 18. Rd1+ Ke8 19. Bxf6 Qxf6 20. Nh4 Kf7 21. Ng6 Qxg6 22. Rd7+ Kf6 23. e5+ Kxe5 24. Qxg6 1-0

[Event "December 5 Early 2023"]
[Site "https://www.chess.com"]
[Date "2023.12.05"]
[Round "8"]
[White "Rose, Felix"]
[Black "Pourkashiyan, Atousa"]
[Result "0-1"]
[Board "127"]
[TimeControl "180+1"]
[WhiteFideId "5105722"]
[BlackFideId "12502014"]
[WhiteElo "2323"]
[BlackElo "2475"]
[WhiteTeam "MEX"]
[BlackTeam "USA"]
[WhiteClock "0:00:00"]
[BlackClock "0:00:31"]

1. e4 c5 2. Nf3 e6 3. d4 cxd4 4. Nxd4 a6 5. Nc3 Nf6 6. Bd3 Qc7 7. O-O b5 8. Bd2 Bb7 9. Re1 d6 10. a4 b4 11. Na2 a5 12. c3 bxc3 13. Nxc3 Nbd7 14. Rc1 Qb6 15. Ndb5 Be7 16. Be3 Nc5 17. Bb1 O-O 18. f4 Qc6 19. Qe2 Rfe8 20. Kh1 Qd7 21. Rcd1 Ncxe4 22. Nxe4 Bxe4 23. Bxe4 Nxe4 24. Bd4 d5 25. Bxg7 Kxg7 26. Qxe4 Qxb5 27. Qd4+ Bf6 28. Qxf6+ Kxf6 29. axb5 Rab8 30. f5 Kxf5 31. Rf1+ Kg6 32. Rf3 Rxb5 33. Rdf1 f5 34. Rg3+ Kf6 35. h4 Rb4 36. h5 Rh4+ 37. Kg1 Rxh5 38. Rc1 Rg5 39. Rh3 Reg8 40. Rc2 h5 41. Rb3 Rg4 42. Kh2 Rb4 43. Ra3 a4 44. Rc6 f4 45. Rd3 Kf5 46. Rh3 Rg5 47. Ra6 Rxb2 48. Rxa4 Rbxg2+ 0-1

[Event "December 5 Early 2023"]
[Site "https://www.chess.com"]
[Date "2023.12.05"]
[Round "8"]
[White "Iljin, Timofey"]
[Black "Skibbe, Willi"]
[Result "1-0"]
[Board "128"]
[TimeControl "180+1"]
[WhiteFideId "14110180"]
[BlackFideId "4682190"]
[WhiteElo "2469"]
[BlackElo "2319"]
[WhiteTeam "UKR"]
[BlackTeam "GER"]
[WhiteClock "0:00:07"]
[BlackClock "0:00:07"]

1. e4 e6 2. d4 d5 3. Nc3 Nf6 4. Bg5 dxe4 5. Nxe4 Be7 6. Bxf6 gxf6 7. Nf3 a6 8. c4 b6 9. Bd3 Bb7 10. Nc3 Nc6 11. d5 Nb4 12. O-O exd5 13. Bf5 dxc4 14. Qe2 Nd3 15. Rad1 O-O 16. Ng5 Nf4 17. Qg4 fxg5 18. Rxd8 Raxd8 19. Be4 f5 20. Qg3 Bxe4 21. h4 Bd6 22. Qxg5+ Kh8 23. Nxe4 fxe4 24. g3 Ne6 25. Qe3 Nc5 26. h5 Be5 27. h6 Rf3 28. Qg5 Bf6 29. Qg4 Rg8 30. Qh3 e3 31. Kg2 Rxf2+ 32. Rxf2 exf2 33. Kxf2 Ne4+ 34. Ke1 Rxg3 35. Qc8+ Rg8 36. Qf5 Re8 37. Kd1 Kg8 38. Qd5+ Kf8 39. Qf5 Kf7 40. Qxh7+ Kf8 41. Qg6 Rd8+ 42. Kc2 Rd2+ 43. Kc1 Re2 44. Kd1 Rd2+ 45. Ke1 Rd4 46. h7 Ke7 47. Qg8 Nd6 48. h8=Q Bxh8 49. Qxh8 Nf7 50. Qxd4 Nd6 51. Qg1 Kd7 52. Qg7+ Kc6 53. Kd2 b5 54. Qg2+ Kc5 55. Qg1+ Kc6 56. Kc3 b4+ 57. Kxb4 a5+ 58. Kxa5 Kd5 59. Qd1+ Kc5 60. b4+ cxb3 61. Qxb3 Nc4+ 62. Ka6 Nd6 63. Qe3+ Kc6 64. a4 Kd7 65. Qh3+ Kc6 66. a5 Nc4 67. Qe6+ Kc5 68. Qh3 Nd6 69. Ka7 Kc6 70. a6 Kb5 71. Qf1+ Kc6 72. Kb8 Nb5 73. a7 Nxa7 74. Kxa7 Kd6 75. Ka6 c6 76. Kb6 Kd5 77. Qc1 c5 78. Qxc5+ Ke4 79. Qc6+ Kd3 80. Kc5 1-0

[Event "December 5 Early 2023"]
[Site "https://www.chess.com"]
[Date "2023.12.05"]
[Round "8"]
[White "Ozen, Metehan"]
[Black "Antonio, Jorge Carlos"]
[Result "1/2-1/2"]
[Board "129"]
[TimeControl "180+1"]
[WhiteFideId "34596054"]
[BlackFideId "113190"]
[WhiteElo "2465"]
[BlackElo "2314"]
[WhiteTeam "TUR"]
[BlackTeam "ARG"]
[WhiteClock "0:01:58"]
[BlackClock "0:02:39"]

1. d4 d5 2. Bf4 c6 3. e3 Nf6 4. Nf3 Bg4 5. Nbd2 e6 6. Bd3 Nbd7 7. h3 Bxf3 8. Nxf3 Be7 9. O-O O-O 10. c3 Nh5 11. Bh2 f5 12. c4 Nhf6 13. Ne5 Ne4 14. f3 Nef6 15. Nxd7 Qxd7 16. Qe2 h6 17. Rad1 Bd6 18. Bxd6 Qxd6 1/2-1/2

[Event "December 5 Early 2023"]
[Site "https://www.chess.com"]
[Date "2023.12.05"]
[Round "8"]
[White "Yurasova, Daria"]
[Black "Fernandez Siles, Luis"]
[Result "1-0"]
[Board "130"]
[TimeControl "180+1"]
[WhiteFideId "34146919"]
[BlackFideId "2209420"]
[WhiteElo "2457"]
[BlackElo "2295"]
[WhiteTeam "RUS"]
[BlackTeam "ESP"]
[WhiteClock "0:00:05"]
[BlackClock "0:00:04"]

1. d4 Nf6 2. Bg5 Ne4 3. Bf4 e6 4. Nd2 Nxd2 5. Qxd2 d5 6. e3 c5 7. c3 Nc6 8. Nf3 Bd6 9. Bg3 Qe7 10. Bd3 e5 11. dxe5 Nxe5 12. Nxe5 Bxe5 13. Bxe5 Qxe5 14. Bb5+ Kf8 15. O-O h5 16. b4 c4 17. e4 Be6 18. exd5 Qxd5 19. Qxd5 Bxd5 20. Rad1 Be6 21. Rd4 Rc8 22. Rfd1 Ke7 23. Bd7 Rc7 24. Bxe6 fxe6 25. Kf1 Rf8 26. a4 Rf5 27. f3 g5 28. Ke2 a5 29. b5 Rf8 30. Re4 Rc5 31. Rdd4 Rff5 32. Rxc4 Rxc4 33. Rxc4 Re5+ 34. Re4 Rf5 35. h4 gxh4 36. Rxh4 Rg5 37. g4 hxg4 38. Rxg4 Rc5 39. Kd3 Re5 40. Re4 Rf5 41. f4 Kd6 42. c4 Kc5 43. Kc3 Kd6 44. Rd4+ Kc5 45. Re4 Kd6 46. Kd4 Rxf4 47. c5+ 1-0

[Event "December 5 Early 2023"]
[Site "https://www.chess.com"]
[Date "2023.12.05"]
[Round "8"]
[White "Liu, Casper"]
[Black "Hon, Eric"]
[Result "1-0"]
[Board "131"]
[TimeControl "180+1"]
[WhiteFideId "1454153"]
[BlackFideId "2097117"]
[WhiteElo "2445"]
[BlackElo "2277"]
[WhiteTeam "DEN"]
[BlackTeam "USA"]
[WhiteClock "0:00:07"]
[BlackClock "0:00:00"]

1. d4 Nf6 2. Bf4 c5 3. dxc5 Nc6 4. Nf3 e6 5. Bd6 Be7 6. e3 O-O 7. c3 Bxd6 8. cxd6 Qb6 9. b3 Ne4 10. Bd3 Nxd6 11. Bxh7+ Kxh7 12. Qxd6 Kg8 13. Nbd2 Nd8 14. Qf4 f6 15. Nc4 Qc6 16. Qd6 Nf7 17. Qxc6 bxc6 18. O-O-O d5 19. Na5 Bd7 20. Kb2 Rac8 21. c4 Rfd8 22. Nb7 Rf8 23. Nc5 Rc7 24. Nd4 Re8 25. cxd5 cxd5 26. Rc1 e5 27. Nxd7 Rxd7 28. Nc6 d4 29. Rhd1 d3 30. e4 Re6 31. Nb4 Red6 32. Nd5 f5 33. f3 fxe4 34. fxe4 Ng5 35. Rxd3 Nxe4 36. Rcd1 Nf2 37. Nf6+ Rxf6 38. Rxd7 Nxd1+ 39. Rxd1 Rf2+ 40. Ka3 Rxg2 41. Re1 Rxh2 42. Rxe5 Kf7 43. Ra5 Kf6 44. Rxa7 g5 45. Ra8 Kf7 46. Kb4 g4 47. Ra7+ Kf6 48. Ra8 Rh7 49. Rf8+ Rf7 50. Rg8 Rg7 51. Rf8+ Ke5 52. a4 g3 53. Rf1 g2 54. Rg1 Ke4 55. a5 Kf3 56. a6 Ra7 57. Kb5 Ra8 58. b4 Rb8+ 59. Ka5 Kf2 60. Rxg2+ Kxg2 61. b5 Rf8 62. a7 Kf3 63. b6 Ke4 64. b7 Rf5+ 65. Ka4 1-0

[Event "December 5 Early 2023"]
[Site "https://www.chess.com"]
[Date "2023.12.05"]
[Round "8"]
[White "Borawski, Jakub"]
[Black "Kazmaier, Daniel"]
[Result "0-1"]
[Board "132"]
[TimeControl "180+1"]
[WhiteFideId "1143000"]
[BlackFideId "2606089"]
[WhiteElo "2249"]
[BlackElo "2445"]
[WhiteTeam "POL"]
[BlackTeam "CAN"]
[WhiteClock "0:00:10"]
[BlackClock "0:00:25"]

1. e4 e6 2. d4 d5 3. Nc3 Nf6 4. e5 Nfd7 5. Nf3 c5 6. dxc5 Nc6 7. Bf4 a6 8. a3 Bxc5 9. Bd3 h6 10. Bg3 Qc7 11. O-O Ncxe5 12. Nxe5 Nxe5 13. Re1 Bd6 14. Nxd5 exd5 15. f4 O-O 16. fxe5 Bc5+ 17. Kh1 Be6 18. Qf3 Qe7 19. Rf1 b5 20. c3 Rab8 21. Rae1 a5 22. Bf4 Qh4 23. Bg3 Qg4 24. Qxg4 Bxg4 25. e6 Bxe6 26. Bxb8 Rxb8 27. h3 b4 28. axb4 axb4 29. Bf5 bxc3 30. bxc3 Rb3 31. Bxe6 fxe6 32. Rf3 Bd6 33. g3 d4 34. Rxe6 dxc3 35. Rxc3 Rxc3 36. Rxd6 Rxg3 37. Kh2 Rg5 38. h4 Rg4 39. Kh3 Rg1 40. Rd7 Kh7 41. h5 Rg5 42. Kh4 Rg1 43. Ra7 Kg8 44. Rb7 Kf8 45. Rc7 Rg5 46. Ra7 Rg2 47. Rb7 Rf2 48. Ra7 Rf7 49. Ra6 Rb7 50. Rc6 Kf7 51. Rd6 Re7 52. Rg6 Re6 53. Rxe6 Kxe6 54. Kg4 Ke5 55. Kh4 Kf4 56. Kh3 Kg5 0-1

[Event "December 5 Early 2023"]
[Site "https://www.chess.com"]
[Date "2023.12.05"]
[Round "8"]
[White "Mishra, Manoj"]
[Black "Swicarz, Maciej"]
[Result "0-1"]
[Board "133"]
[TimeControl "180+1"]
[WhiteFideId "5006007"]
[BlackFideId "1113585"]
[WhiteElo "2242"]
[BlackElo "2441"]
[WhiteTeam "IND"]
[BlackTeam "POL"]
[WhiteClock "0:00:00"]
[BlackClock "0:00:18"]

1. d4 Nf6 2. Nf3 e6 3. g3 c5 4. Bg2 Nc6 5. O-O Qb6 6. dxc5 Bxc5 7. Nc3 Ng4 8. Ne4 d5 9. Nxc5 Qxc5 10. h3 Nf6 11. Be3 Qb4 12. a3 Qe7 13. b4 b6 14. c4 O-O 15. c5 Nd7 16. b5 Na5 17. c6 Nc5 18. Rc1 Nc4 19. Bd4 Nxa3 20. Ba1 Nxb5 21. Qc2 f6 22. h4 a5 23. h5 h6 24. Nh4 Re8 25. Rfe1 Nd6 26. Ng6 Qf7 27. Nf4 Ba6 28. Qb2 Nc4 29. Rxc4 Bxc4 30. Qxb6 Ne4 31. Rc1 Nd6 32. c7 Qd7 33. Bd4 Rac8 34. Bc5 Nf5 35. Rxc4 dxc4 36. e4 Qxc7 37. exf5 Qxc5 38. Qb7 Qxf5 39. Qa6 e5 0-1

[Event "December 5 Early 2023"]
[Site "https://www.chess.com"]
[Date "2023.12.05"]
[Round "8"]
[White "Palmer, Reegan"]
[Black "Burmakin, Evgeniy"]
[Result "1-0"]
[Board "134"]
[TimeControl "180+1"]
[WhiteFideId "14322145"]
[BlackFideId "4163729"]
[WhiteElo "2234"]
[BlackElo "2439"]
[WhiteTeam "RSA"]
[BlackTeam "RUS"]
[WhiteClock "0:00:08"]
[BlackClock "0:00:12"]

1. e4 c5 2. Nf3 d6 3. d3 Nc6 4. g3 g6 5. Bg2 Bg7 6. O-O e6 7. c3 e5 8. Re1 Nge7 9. Nbd2 O-O 10. Nf1 h6 11. h4 f5 12. N1h2 d5 13. exd5 Nxd5 14. Qb3 Kh8 15. Nxe5 Nxe5 16. Bxd5 Qf6 17. d4 cxd4 18. cxd4 Nc6 19. Bxc6 bxc6 20. Be3 Be6 21. Qc3 Bd5 22. Rad1 g5 23. hxg5 hxg5 24. f3 f4 25. gxf4 gxf4 26. Bc1 Rg8 27. Re2 Bh6+ 28. Ng4 Rxg4+ 29. fxg4 f3 30. Rh2 f2+ 31. Rxf2 Rg8 32. Rxf6 Rxg4+ 33. Kf2 Rg2+ 34. Kf1 Bxc1 35. Qxc1 1-0

[Event "December 5 Early 2023"]
[Site "https://www.chess.com"]
[Date "2023.12.05"]
[Round "8"]
[White "Eilers, Stefan"]
[Black "Rodriguez Avila, Alvaro"]
[Result "1-0"]
[Board "135"]
[TimeControl "180+1"]
[WhiteFideId "4609565"]
[BlackFideId "24570249"]
[WhiteElo "2438"]
[BlackElo "2241"]
[WhiteTeam "GER"]
[BlackTeam "ESP"]
[WhiteClock "0:00:04"]
[BlackClock "0:00:00"]

1. d4 Nf6 2. Nf3 e6 3. g3 d5 4. Bg2 Be7 5. O-O O-O 6. c4 dxc4 7. Ne5 c5 8. dxc5 Bxc5 9. Qxd8 Rxd8 10. Na3 c3 11. Nb5 Na6 12. Nxc3 Rb8 13. Nd3 Bd7 14. Nxc5 Nxc5 15. Be3 Rbc8 16. Rfd1 b6 17. Rd2 Be8 18. Rad1 Rxd2 19. Rxd2 Kf8 20. Bf4 h6 21. h3 Bc6 22. f3 Ke8 23. g4 Nd5 24. Nxd5 Bxd5 25. b3 Nd7 26. e4 Bb7 27. Bf1 e5 28. Be3 f6 29. Bc4 Rd8 30. Kf2 Ke7 31. h4 Bc6 32. g5 hxg5 33. hxg5 Rh8 34. Kg3 Rh1 35. gxf6+ gxf6 36. a4 Re1 37. Bf2 Rc1 38. a5 Rc3 39. Be1 Re3 40. Kf2 Rxe1 41. Kxe1 bxa5 42. Ra2 a4 43. bxa4 Nc5 44. Bb5 Bb7 45. Rc2 Kd6 46. Ke2 Ne6 47. Ke3 Nd4 48. Rd2 Kc5 49. Be8 a5 50. f4 Ba6 51. fxe5 fxe5 52. Rd1 Bc4 53. Rh1 Nc2+ 54. Kd2 Nb4 55. Ke3 Nc2+ 56. Kf3 Nd4+ 57. Kg4 Ne2 58. Re1 Kd4 59. Bb5 Nc3 60. Bxc4 Kxc4 61. Kf5 Kd4 62. Rc1 Nxa4 63. Rd1+ Kc4 64. Kxe5 Nc3 65. Rc1 a4 66. Kf5 a3 67. e5 a2 68. Ra1 Kd5 69. e6 Kd6 70. Kf6 Nd5+ 71. Kf7 Nc3 72. e7 Nb1 73. e8=Q 1-0

[Event "December 5 Early 2023"]
[Site "https://www.chess.com"]
[Date "2023.12.05"]
[Round "8"]
[White "Golubenko, Valentina"]
[Black "Latorre, Vincent"]
[Result "1/2-1/2"]
[Board "136"]
[TimeControl "180+1"]
[WhiteFideId "4501993"]
[BlackFideId "2636891"]
[WhiteElo "2224"]
[BlackElo "2438"]
[WhiteTeam "CRO"]
[BlackTeam "CAN"]
[WhiteClock "0:00:11"]
[BlackClock "0:00:02"]

1. e4 g6 2. d4 Bg7 3. Nf3 d6 4. c4 Nf6 5. Bd3 O-O 6. h3 Nbd7 7. O-O e5 8. dxe5 Nxe5 9. Nc3 Nxd3 10. Qxd3 Nd7 11. Be3 Re8 12. Rfd1 Ne5 13. Nxe5 Bxe5 14. Qc2 Be6 15. Nd5 c6 16. Nf4 Qe7 17. Nd3 Bg7 18. Rac1 f5 19. Nf4 Bd7 20. exf5 Bxf5 21. Qd2 Rad8 22. Bxa7 Qg5 23. Be3 Qe7 24. Bb6 Rd7 25. Re1 Qf8 26. Rxe8 Qxe8 27. Re1 Re7 28. Rd1 Re4 29. Be3 Be5 30. b3 Qf7 31. Nd3 Bg7 32. f3 Re8 33. Bf2 h5 34. Nf4 Bf8 35. Nd3 Kh7 36. Qf4 Qf6 37. g4 Bh6 38. Qg3 Bxd3 39. Rxd3 Bf4 40. Qh4 Bg5 41. Qg3 Bf4 42. Qh4 Bg5 43. Qg3 Bf4 1/2-1/2